 Dungeon Crawl Stone Soup version 0.21-a0-233-g0929f2e (webtiles) character file.

4748 JackS81 the Grappler (level 10, -8/80 HPs)
             Began as a Ghoul Monk on Sept 2, 2017.
             Was an Elder of Ashenzari.
             Mangled by an orc warrior
             ... wielding a +0 war axe
              (16 damage)
             ... on level 7 of the Dungeon.
             The game lasted 00:37:24 (6845 turns).

JackS81 the Grappler (Ghoul Monk)                   Turns: 6845, Time: 00:37:24

Health: -8/80      AC:  5    Str: 17    XL:     10   Next: 46%
Magic:  9/9        EV: 12    Int:  6    God:    Ashenzari [****..]
Gold:   551        SH:  0    Dex: 12    Spells: 9/9 levels left

rFire    + . .     SeeInvis +     - Unarmed
rCold    + . .     Gourm    .   (no shield)
rNeg     + + +     Faith    .   p - +0 ring mail {rF+} (curse)
rPois    ∞         Spirit   .   (no helmet)
rElec    .         Reflect  .   (no cloak)
rCorr    .         Harm     .   (no gloves)
MR       .....     Clarity  +   (no boots)
Stlth    ++++......             (no amulet)
HPRegen  0.00/turn              m - ring of stealth (curse)
MPRegen  0.11/turn              o - ring of see invisible (curse)

@: rotting
A: rotting body, claws 1, carnivore 3, cold resistance 1, negative energy
resistance 3, inhibited regeneration, torment resistance, unbreathing
a: Curse Item, Scrying, Renounce Religion


You were on level 7 of the Dungeon.
You worshipped Ashenzari.
Ashenzari was greatly pleased with you.
You were not hungry.

You visited 1 branch of the dungeon, and saw 7 of its levels.
You also visited: Sewer and Ossuary.

You collected 551 gold pieces.

Inventory:

Hand Weapons
 I - the +5 trident of Fazem {flame, Str+5 Int-3}
   (You found it on level 7 of the Dungeon)

   It has been specially enchanted to burn those struck by it, causing extra
   injury to most foes and up to half again as much damage against particularly
   susceptible opponents.
   It affects your strength (+5).
   It affects your intelligence (-3).
Missiles
 h - 42 poisoned needles
Armour
 a - a +0 robe
 p - a cursed +0 ring mail of fire resistance (worn)
Jewellery
 m - a cursed ring of stealth (left claw)
 o - a cursed ring of see invisible (right claw)
 t - a +3 ring of intelligence
Wands
 C - a wand of random effects (23/48)
 D - a wand of flame (32/48)
 F - a wand of scattershot (1/9)
 L - a wand of random effects (22/48)
Scrolls
 c - 8 scrolls of identify
 f - 6 scrolls of enchant armour {unknown}
 g - 5 scrolls of teleportation {unknown}
 i - a scroll of noise {unknown}
 j - 3 scrolls of amnesia {unknown}
 k - 4 scrolls of fog {unknown}
 q - a scroll of magic mapping {unknown}
 u - 2 scrolls of fear {unknown}
 x - 2 scrolls of recharging {unknown}
 y - a scroll of acquirement {unknown}
 B - 6 scrolls of remove curse
 E - a scroll of enchant weapon {unknown}
 H - 2 scrolls of blinking {unknown}
 K - a scroll of immolation {unknown}
 M - a scroll of random uselessness {unknown}
Potions
 d - a potion of mutation
 e - 2 potions of curing
 l - a potion of flight {unknown}
 n - a potion of cancellation {unknown}
 r - 3 potions of brilliance {unknown}
 s - 3 potions of degeneration {unknown}
 v - 3 potions of lignification {unknown}
 w - a potion of agility {unknown}
 z - a potion of ambrosia {unknown}
Comestibles
 b - 3 meat rations
 G - a royal jelly
 J - 12 chunks of flesh


   Skills:
 + Level 4.5 Fighting
 + Level 3.4 Dodging
 * Level 8.9 Stealth
 * Level 13.7 Unarmed Combat


You had 9 spell levels left.
You didn't know any spells.

Dungeon Overview and Level Annotations

Branches:
Dungeon (7/15)             Temple (0/1) D:6

Altars:
Ashenzari
Cheibriados
Gozag
Hepliaklqana
Makhleb
Okawaru
Qazlal
Ru
Wu Jian
Xom
Yredelemnul
Zin
The Shining One

Shops:
D:5 =


Innate Abilities, Weirdness & Mutations

Your body is rotting away.
You thrive on raw meat.
You are immune to poison.
You have sharp fingernails.
You are carnivorous and can eat meat at any time.
Your flesh is cold resistant. (rC+)
You are immune to negative energy. (rN+++)
You do not regenerate when monsters are visible.
You are immune to unholy pain and torment.
You can survive without breathing.


Message History

The orc priest is almost dead.
The adder skeleton closely misses you. The orc priest completely misses you.
The orc warrior hits you with a war axe!
* * * LOW HITPOINT WARNING * * *
You claw the orc priest!
You kill the orc priest!
The adder skeleton misses you. The adder skeleton misses you.
Things that are here:
an uncursed trident; a +0 chain mail Your ring mail prevents you from hitting the orc warrior.
You feel your flesh rotting away. The adder skeleton bites you.
* * * LOW HITPOINT WARNING * * *
The orc warrior hits you with a war axe!
* * * LOW HITPOINT WARNING * * *
You feel better. The adder skeleton bites you.
* * * LOW HITPOINT WARNING * * *
The orc warrior hits you with a war axe!
You die...

###.......## *#......
##....### ##..<....
** ###### ##........
* ##........., *
#.......... ,
#####..%....... ,
####..............
##....)............
##.....o@)..........
##.....(Z.###........
#.......### ###.....#
##...##### *#....# *
##..### #.... ##..##
*###. * ##.### ###..#
##...##


You could see an orc warrior and an adder skeleton.

Vanquished Creatures
  The ghost of loom the Conjurer, a novice DECj (D:5)
  A hornet (D:7)
  The ghost of Mulkerokala the Cutter, an amateur KoCK of Xom (D:3)
  2 sky beasts (D:6)
  3 ogres
  A phantom (D:4)
  A necrophage (D:5)
  4 centaurs
  The ghost of Mulkerokala the Cudgeler, an amateur KoCK of Xom (Sewer)
  7 big kobolds (Sewer)
  4 gnoll sergeants (D:7)
  Blork the orc (D:4)
  2 bullfrogs (D:7)
  A water moccasin zombie (D:7)
  A scorpion (D:4)
  15 wights (D:7)
  3 jellies
  A howler monkey (D:5)
  2 crimson imps
  A quasit (D:5)
  A bullfrog skeleton (D:5)
  5 orc priests (D:7)
  A centaur zombie (D:7)
  5 hounds
  A centaur skeleton (D:4)
  2 gnoll shamans (D:7)
  5 orc wizards
  3 iguanas
  4 worker ants
  A big kobold zombie (Ossuary)
  3 mummies (Ossuary)
  A worker ant zombie (D:6)
  11 gnolls
  17 adders
  3 river rats
  2 shadow imps
  6 oozes
  2 adder zombies
  9 worms
  8 leopard geckos
  20 orcs
  2 ball pythons
  4 bats
  5 giant cockroaches
  A gnoll zombie (Ossuary)
  9 goblins
  9 hobgoblins
  6 jackals
  16 kobolds
  3 quokkas
  4 frilled lizards
  5 goblin zombies
  2 hobgoblin zombies (Ossuary)
  2 kobold zombies (Ossuary)
  A leopard gecko skeleton (D:4)
  An orc zombie (Ossuary)
  A quokka skeleton (D:7)
  A quokka zombie (Ossuary)
  8 rats
  6 rat zombies
  A bush (D:1)
  A plant (D:1)
251 creatures vanquished.

Notes
Turn   | Place    | Note
-------+----------+-------------------------------------------
     0 | D:1      | JackS81 the Ghoul Monk began the quest for the Orb.
     0 | D:1      | Reached XP level 1. HP: 19/19 MP: 0/0
   242 | D:1      | Reached XP level 2. HP: 13/26 MP: 1/1
   439 | D:1      | Reached skill level 4 in Unarmed Combat
  1045 | D:2      | Reached XP level 3. HP: 13/30 MP: 2/2
  1079 | D:2      | Found a shattered altar of Ashenzari.
  1085 | D:2      | Became a worshipper of Ashenzari the Shackled
  1085 | D:2      | Reached * piety under Ashenzari
  1085 | D:2      | Reached ** piety under Ashenzari
  1680 | D:3      | Reached XP level 4. HP: 25/38 MP: 3/3
  1882 | D:3      | Reached skill level 5 in Unarmed Combat
  1884 | D:3      | Reached XP level 5. HP: 25/45 MP: 4/4
  2070 | D:3      | Noticed Mulkerokala's ghost (amateur KoCK)
  2092 | D:3      | Killed Mulkerokala's ghost
  2092 | D:3      | Reached skill level 6 in Unarmed Combat
  2092 | D:3      | Reached XP level 6. HP: 11/51 MP: 5/5
  2350 | D:3      | Reached skill level 5 in Stealth
  2485 | D:4      | Found a shimmering altar of Xom.
  2488 | D:4      | Noticed an angel
  2488 | D:4      | Noticed a phantom
  2525 | D:4      | Killed a phantom
  2553 | D:4      | Found a sand-covered staircase.
  2570 | Ossuary  | Entered an ossuary
  2581 | Ossuary  | Reached XP level 7. HP: 50/57 MP: 6/6
  2583 | Ossuary  | Reached skill level 7 in Unarmed Combat
  3057 | D:4      | Found a glowing golden altar of the Shining One.
  3058 | D:4      | Found an opulent altar of Gozag.
  3058 | D:4      | Found a stormy altar of Qazlal.
  3058 | D:4      | Found a burning altar of Makhleb.
  3059 | D:4      | Found an ornate altar of the Wu Jian Council.
  3060 | D:4      | Found a sacrificial altar of Ru.
  3188 | D:4      | Noticed Blork the orc
  3215 | D:4      | Killed Blork the orc
  3215 | D:4      | Reached skill level 8 in Unarmed Combat
  3419 | D:4      | Found a glowing silver altar of Zin.
  3595 | D:5      | Entered Level 5 of the Dungeon
  3626 | D:5      | Reached XP level 8. HP: 56/63 MP: 7/7
  3661 | D:5      | Reached skill level 9 in Unarmed Combat
  3662 | D:5      | Noticed loom's ghost (novice DECj)
  3692 | D:5      | Killed loom's ghost
  3784 | D:5      | Found an iron altar of Okawaru.
  3788 | D:5      | Found a basalt altar of Yredelemnul.
  3792 | D:5      | Found a snail-covered altar of Cheibriados.
  3865 | D:5      | Reached *** piety under Ashenzari
  3883 | D:5      | Reached skill level 10 in Unarmed Combat
  4052 | D:5      | Found Dyizelul's Jewellery Emporium.
  4332 | D:6      | Found a staircase to the Ecumenical Temple.
  4368 | D:6      | Reached skill level 11 in Unarmed Combat
  4368 | D:6      | Reached XP level 9. HP: 35/70 MP: 8/8
  4470 | D:6      | Found a glowing drain.
  4481 | Sewer    | Entered a sewer
  4486 | Sewer    | Noticed Mulkerokala's ghost (amateur KoCK)
  4501 | Sewer    | Paralysed by Mulkerokala's ghost for 5 turns
  4506 | Sewer    | Killed Mulkerokala's ghost
  5491 | D:6      | Found a hazy altar of Hepliaklqana.
  5515 | D:6      | Reached skill level 12 in Unarmed Combat
  5898 | D:7      | Got the trident of Fazem {flame, Str+5 Int-3}
  5910 | D:7      | Reached **** piety under Ashenzari
  6032 | D:7      | Reached XP level 10. HP: 72/80 MP: 9/9
  6201 | D:7      | Reached skill level 13 in Unarmed Combat
  6834 | D:7      | HP: 1/80 [orc priest/divine providence (12)]
  6844 | D:7      | HP: 3/79 [orc warrior/war axe (8)]
  6845 | D:7      | Mangled by an orc warrior

Vault maps used:
D:1:      saegor_arrival_simple_c, serial_forest, infiniplex_forest_straight_5,
          infiniplex_forest_lined_3, infiniplex_forest_end_2,
          infiniplex_forest_clump_long, infiniplex_forest_clump_small,
          infiniplex_forest_side_room, minmay_misc_feat_nine_boxes
D:2:      evilmike_ruin_ashenzari
D:3:      moated_statue
D:4:      grunt_temple_overflow_order_and_chaos_1, grunt_temple_overflow_open,
          first_bread, enter_ossuary_4, uniq_blork_the_orc
D:5:      minmay_overflow_temple_star_quad, serial_shops, shop_fountains,
          kennysheep_generic_room_5
D:6:      old_standard_altar, minmay_temple_entry_from_below_a,
          lightli_sewer_entry_pipes, dk_noncrumbling_4
D:7:      kennysheep_housing_project
Sewer:    sewer_co_tree
Ossuary:  ossuary_minmay_chase

Skill      XL: |  1  2  3  4  5  6  7  8  9 10 |
---------------+-------------------------------+-----
Unarmed Combat | 4 5 6 8 11 12 13 | 13.7
Stealth        | 3 4 5 6 8 |  8.9
Dodging        | 3 |  3.4
Fighting       | 4 |  4.5

Action                   |  1- 3 |  4- 6 |  7- 9 | 10-12 || total
-------------------------+-------+-------+-------+-------++-------
Melee: Unarmed           |   216 |    96 |   543 |   171 ||  1026
       Punch             |     5 |       |    22 |    10 ||    37
Invok: Curse Item        |     1 |       |     2 |       ||     3
  Use: Scroll            |     1 |       |       |       ||     1
       Potion            |       |     2 |       |     4 ||     6
 Stab: Sleeping          |    12 |     5 |    19 |     3 ||    39
       Distracted        |     2 |     2 |       |       ||     4
  Eat: Chunk             |    20 |    16 |    63 |    27 ||   126
Armor: Robe              |    22 |       |       |       ||    22
       Ring mail         |     2 |    19 |    92 |    19 ||   132
Dodge: Dodged            |    59 |    34 |   187 |    96 ||   376

Table legend:
 A = Spawn XP
 B = Non-spawn XP
 C = Spawn XP percentage of total XP
 D = Spawn monster count
 E = Non-spawn monster count
 F = Spawn count percentage of total count
 G = Total turns spent on level
                    A         B        C        D         E        F      G
               +---------+---------+-------+---------+---------+-------+---------
         Total |     647 |    6136 |   9.5 |      18 |     231 |   7.2 |  6845
               +---------+---------+-------+---------+---------+-------+---------
           D:1 |       2 |      27 |   6.9 |       2 |      12 |  14.3 |  1007
           D:2 |       3 |      43 |   6.5 |       1 |      19 |   5.0 |   519
           D:3 |     117 |     280 |  29.5 |       2 |      17 |  10.5 |   954
           D:4 |     133 |     391 |  25.4 |       7 |      19 |  26.9 |   945
           D:5 |       0 |    1095 |   0.0 |       0 |      23 |   0.0 |   673
           D:6 |     135 |     580 |  18.9 |       2 |      24 |   7.7 |   716
           D:7 |     154 |    2786 |   5.2 |       3 |      68 |   4.2 |  1165
         Sewer |     103 |     832 |  11.0 |       1 |      28 |   3.4 |   696
       Ossuary |       0 |     102 |   0.0 |       0 |      21 |   0.0 |   170
               +---------+---------+-------+---------+---------+-------+---------
